 Dungeon Sprint DCSS version 0.19-a0-751-gbe1ce7d (webtiles) character file.

4619 Groucho the Protected (level 10, -7/99 HPs)
             Began as a Gargoyle Berserker on June 25, 2016.
             Was a High Priest of Trog.
             Engulfed by an ushabti's negative energy (13 damage)
             ... in the Dungeon (Sprint V: "Ziggurat Sprint").
             The game lasted 00:05:09 (875 turns).

Groucho the Protected (Gargoyle Berserker)           Turns: 875, Time: 00:05:10

Health: -7/99      AC: 40    Str: 33    XL:     10   Next: 42%
Magic:  13/13      EV: 14    Int:  8    God:    Trog [*****.]
Gold:   0          SH:  0    Dex: 17    Spells: 0 memorised, 9 levels left

rFire  . . .     SeeInvis .     z - +10 dark maul {crush}
rCold  . . .     Gourm    .     b - +15 Maxwell's patent armour {-Cast -Tele rElec MR+ rCorr}
rNeg   + . .     Faith    .     (shield currently unavailable)
rPois  ∞         Spirit   .     (no helmet)
rElec  +         Dismiss  .     (no cloak)
rCorr  +         Reflect  .     C - +1 pair of gloves {archery}
SustAt .         Harm     .     (no boots)
MR     +++..     NoTele   +     (no amulet)
Stlth  .......... NoCast   +    x - +6 ring of dexterity
                                B - +6 ring of strength

@: berserking (expiring), regenerating, slowed, drained, extremely resistant to
hostile enchantments, extremely unstealthy
A: negative energy resistance 1, electricity resistance, unbreathing,
petrification resistance, rot immunity, AC +7
a: Berserk, Trog's Hand, Brothers in Arms, Burn Spellbooks, Renounce Religion


You were in the Dungeon.
You worshipped Trog.
Trog was extremely pleased with you.
You were not hungry.

You visited 1 branch

Inventory:

Hand Weapons
 a - the cursed +14 obsidian axe {chop, +Fly Str+3 SInv *Curse}
   (You found it in the Dungeon)

   It inflicts extra damage upon your enemies.
   It affects your strength (+3).
   It lets you see invisible.
   It lets you fly.
   It may re-curse itself when equipped.
   It has a curse placed upon it.
 z - the +10 dark maul (weapon) {crush}
   (You found it in the Dungeon)

   It inflicts extra damage upon your enemies.
 L - the +9 eveningstar of Vaidy {antimagic, rElec Str+3}
   (Trog gifted it to you in the Dungeon)

   It reduces the magical energy of the wielder, and disrupts the spells and
   magical abilities of those hit.
   Natural abilities and divine invocations are not affected.
   It affects your strength (+3).
   It insulates you from electricity.
Armour
 b - the +15 Maxwell's patent armour (worn) {-Cast -Tele rElec MR+ rCorr}
   (You found it in the Dungeon)

   It insulates you from electricity.
   It affects your resistance to hostile enchantments.
   It prevents spellcasting.
   It prevents most forms of teleportation.
   It protects you from acid and corrosion.
 y - the +18 shield of the Gong {rElec rN+ MR+ EV-5}
   (You found it in the Dungeon)

   It affects your evasion (-5).
   It insulates you from electricity.
   It protects you from negative energy.
   It affects your resistance to hostile enchantments.
 A - a +5 gold dragon armour
 C - a +1 pair of gloves of archery (worn)
Jewellery
 x - a +6 ring of dexterity (right hand)
 B - a +6 ring of strength (left hand)
Wands
 D - a wand of disintegration (7/24)
 E - a wand of iceblast (5/15)
 F - a wand of lightning (5/15)
 G - a wand of acid (5/15)
 J - a wand of heal wounds (5/9)
Scrolls
 i - 4 scrolls of blinking
 p - 3 scrolls of recharging
 q - 7 scrolls of fog
 r - a scroll of holy word
 s - 5 scrolls of identify
 t - 5 scrolls of remove curse
 u - 2 scrolls of fear
 M - 4 scrolls of enchant weapon
Potions
 d - 9 potions of curing
 e - 10 potions of heal wounds
 f - 6 potions of haste
 g - 7 potions of magic
 h - 3 potions of berserk rage
 j - 2 potions of brilliance
 k - 2 potions of invisibility
 l - 4 potions of resistance
 m - a potion of experience
 n - 5 potions of agility
 o - 5 potions of might
Books
 I - the Catalogue of Dislocated Contamination
   (You found it in the Dungeon)

   Spells                             Type                      Level
   a - Cure Poison                    Poison                       2
   b - Recall                         Summoning/Translocation      3
   c - Summon Forest                  Summoning/Translocation      5
   Trog disapproves of the use of such an item.
 K - the Handbook of Enthralling Transformation
   (You found it in the Dungeon)

   Spells                             Type                      Level
   a - Ensorcelled Hibernation        Hexes/Ice                    2
   b - Sticks to Snakes               Transmutation                2
   c - Dazzling Spray                 Conjuration/Hexes            3
   d - Discord                        Hexes                        8
   Trog disapproves of the use of such an item.
Miscellaneous
 H - 3 phantom mirrors
Comestibles
 c - 5 bread rations
 v - 42 fruits
 w - 2 meat rations


   Skills:
 * Level 9.5(9.4) Fighting
 * Level 13.2(13.1) Maces & Flails
 * Level 14.0(13.9) Armour
 * Level 9.4(9.3) Dodging
 + Level 5.6(5.5) Unarmed Combat
 + Level 5.0(4.9) Evocations


You had 9 spell levels left.
You didn't know any spells.

Dungeon Overview and Level Annotations

Branches:
Dungeon (1/1)

Altars:
Ashenzari
Cheibriados
Dithmenos
Elyvilon
Fedhas
Gozag
Hepliaklqana
Kikubaaqudgha
Makhleb
Nemelex Xobeh
Okawaru
Pakellas
Qazlal
Ru
Sif Muna
Trog
Uskayaw
Vehumet
Xom
Yredelemnul
Zin
The Shining One
Beogh
Jiyva
Lugonu


Innate Abilities, Weirdness & Mutations

You are resistant to torment.
Your stone body is resilient. (AC +7)
You are immune to poison.
You resist negative energy. (rN+)
You are resistant to electric shocks. (rElec)
You can survive without breathing.
You are immune to petrification.
You are immune to rotting.


Message History

The flying skull disappears in a puff of smoke!
The shadow disappears in a puff of smoke!
Your ogre barely misses the ushabti.
The ushabti hits you but does no damage.
The reaper completely misses you.
The ushabti hits you but does no damage.
Your ogre barely misses the ushabti.
The guardian mummy hits you but does no damage.
The mummy hits you but does no damage.
The ushabti hits you but does no damage.
The ushabti barely misses you. The guardian mummy misses you.
Unknown command.
You pound the ushabti like an anvil!!!
You destroy the ushabti!
Your base Armour skill increases to level 14!
Your base Evocations skill increases to level 5!
Your life force feels restored.
You are engulfed in negative energy.
You resist. You partially resist.
You feel drained.
You die...

▓........▓........▓
▓▓▓▓▓▓▓▓▓▓▓▓▓▓▓▓▓▓▓
▓...8©8...▓..8©8..▓
▓..)}[%...▓....)..▓
▓.....}...▓..|.|..▓
▓.........▓.......▓
▓..O§§....▓.......▓
▓..|8.....▓.......▓
▓..@M.....▓.......▓
▓.▓.M...▓.▓.▓...▓.▓
▓....2....▓.......▓
▓▓▓▓▓▓▓▓▓▓▓▓▓▓▓▓▓▓▓
▓..8©8..▓ ▓..}|)..▓
▓..[.|..▓ ▓...)...▓
▓.......▓


You could see a reaper, a guardian mummy, an ushabti, a mummy and a friendly
ogre (berserk).

Vanquished Creatures
  A mummy priest (D)
  A shining eye (D)
  An ugly thing (D)
  4 toenail golems (D)
  An ushabti (D)
  A tarantella (D)
  A fire bat (shapeshifter) (D)
  A warg (shapeshifter) (D)
  2 orc warriors (D)
  A tengu (shapeshifter) (D)
  4 scorpions (D)
  2 jellies (D)
  3 orc priests (D)
  An orc wizard (D)
  A mummy (D)
  2 river rats (D)
  3 white imps (D)
  An ooze (D)
31 creatures vanquished.

Vanquished Creatures (collateral kills)
  A mummy priest (D)
  An eye of devastation (D)
  A jelly (D)
3 creatures vanquished.

Grand Total: 34 creatures vanquished

Notes
Turn   | Place    | Note
--------------------------------------------------------------
     0 | D        | Groucho the Gargoyle Berserker began the quest for the Orb.
     0 | D        | Reached XP level 1. HP: 14/14 MP: 1/1
     0 | D        | Found a shimmering altar of Xom.
     1 | D        | Found a blossoming altar of Fedhas.
     1 | D        | Found a viscous altar of Jiyva.
     1 | D        | Found a snail-covered altar of Cheibriados.
     1 | D        | Found a roughly hewn altar of Beogh.
     1 | D        | Found a corrupted altar of Lugonu.
     1 | D        | Found a white marble altar of Elyvilon.
     3 | D        | Found a deep blue altar of Sif Muna.
     3 | D        | Found a burning altar of Makhleb.
     3 | D        | Found a bloodstained altar of Trog.
     3 | D        | Found an iron altar of Okawaru.
     3 | D        | Found a sparkling altar of Nemelex Xobeh.
     3 | D        | Found a radiant altar of Vehumet.
    70 | D        | Entered arena 1.
    72 | D        | Reached skill level 3 in Armour
    72 | D        | Reached XP level 2. HP: 19/19 MP: 2/2
    73 | D        | Reached ** piety under Trog
    73 | D        | Reached skill level 4 in Armour
    89 | D        | Entered arena 2.
    94 | D        | Reached XP level 3. HP: 23/23 MP: 3/3
    96 | D        | Reached skill level 5 in Maces & Flails
    96 | D        | Reached skill level 5 in Armour
   126 | D        | Entered arena 3.
   126 | D        | Noticed a brown ugly thing
   126 | D        | Noticed a basilisk
   126 | D        | Noticed a golden eye
   126 | D        | Noticed a sky beast
   126 | D        | Noticed a black bear
   126 | D        | a basilisk changed into a black bear
   128 | D        | Noticed a queen bee
   128 | D        | a black bear changed into a queen bee
   128 | D        | Noticed a warg
   128 | D        | a sky beast changed into a warg
   129 | D        | Noticed a fire bat
   129 | D        | a golden eye changed into a fire bat
   130 | D        | Killed a brown ugly thing
   130 | D        | Reached *** piety under Trog
   130 | D        | Reached skill level 10 in Armour
   130 | D        | Reached skill level 5 in Dodging
   130 | D        | Reached XP level 4. HP: 28/28 MP: 4/4
   130 | D        | Reached XP level 5. HP: 32/32 MP: 5/5
   130 | D        | Reached XP level 6. HP: 37/37 MP: 6/6
   131 | D        | Noticed a shapeshifter
   131 | D        | a queen bee changed into a shapeshifter
   132 | D        | Noticed a soldier ant
   132 | D        | a shapeshifter changed into a soldier ant
   133 | D        | Killed a warg
   133 | D        | Reached skill level 10 in Maces & Flails
   133 | D        | Reached XP level 7. HP: 39/41 MP: 7/7
   133 | D        | a soldier ant changed into a tengu
   138 | D        | Killed a fire bat
   138 | D        | Reached skill level 11 in Armour
   142 | D        | Identified the Catalogue of Dislocated Contamination
   147 | D        | Entered arena 4.
   147 | D        | Noticed a toenail golem
   147 | D        | Noticed a toenail golem
   147 | D        | Noticed a toenail golem
   147 | D        | Noticed a toenail golem
   151 | D        | Killed a toenail golem
   151 | D        | Reached skill level 1 in Unarmed Combat
   151 | D        | Reached skill level 1 in Evocations
   151 | D        | Reached XP level 8. HP: 39/48 MP: 7/9
   153 | D        | Killed a toenail golem
   153 | D        | Reached skill level 5 in Fighting
   153 | D        | Reached skill level 12 in Armour
   155 | D        | Killed a toenail golem
   155 | D        | Reached XP level 9. HP: 40/56 MP: 8/11
   156 | D        | Killed a toenail golem
   160 | D        | Identified the Handbook of Enthralling Transformation
   166 | D        | Identified Udicuh's Tome of Aid and Necromancy
   171 | D        | Reached **** piety under Trog
   221 | D        | Entered arena 5.
   222 | D        | Reached ***** piety under Trog
   226 | D        | Received a gift from Trog
   234 | D        | Reached skill level 13 in Armour
   237 | D        | Got a pitted eveningstar {god gift}
   238 | D        | Identified the +9 eveningstar of Vaidy {antimagic, rElec Str+3} (Trog gifted it to you in the Dungeon)
   463 | D        | Entered arena 6.
   463 | D        | Noticed a shining eye
   463 | D        | Noticed an eye of devastation
   470 | D        | Killed a shining eye
   471 | D        | Killed an eye of devastation
   623 | D        | Entered arena 7.
   628 | D        | Received a gift from Trog
   640 | D        | Reached XP level 10. HP: 30/65 MP: 13/13
   655 | D        | Reached ****** piety under Trog
   655 | D        | Received a gift from Trog
   864 | D        | Entered arena 8.
   864 | D        | Noticed a mummy priest
   864 | D        | Noticed a mummy priest
   866 | D        | Noticed a soul eater
   871 | D        | Noticed a phantasmal warrior
   871 | D        | Killed a mummy priest
   871 | D        | Reached skill level 5 in Unarmed Combat
   873 | D        | Killed a mummy priest
   874 | D        | Noticed a reaper
   874 | D        | HP: 3/99 [ushabti] (7)]
   875 | D        | Reached skill level 14 in Armour
   875 | D        | Reached skill level 5 in Evocations
   875 | D        | Engulfed by an ushabti's negative energy

Vault maps used:
D:        sprint_v

Skill      XL: |  1  2  3  4  5  6  7  8  9 10 |
---------------+-------------------------------+-----
Maces & Flails | 4 9 10 11 12 13 | 13.2
Armour         | 3 4 10 11 12 13 14 | 14.0
Dodging        | 2 5 6 7 8 9 |  9.4
Fighting       | 4 6 8 9 |  9.5
Unarmed Combat | 1 3 4 5 |  5.6
Evocations     | 1 2 4 5 |  5.0

Action                   |  1- 3 |  4- 6 |  7- 9 | 10-12 || total
-------------------------+-------+-------+-------+-------++-------
Melee: Maul              |     9 |     1 |    36 |     6 ||    52
Invok: Berserk           |     1 |       |     4 |     1 ||     6
       Trog's Hand       |       |     1 |     4 |     1 ||     6
       Burn Spellbooks   |       |       |     2 |     1 ||     3
       Brothers in Arms  |       |       |     1 |     2 ||     3
  Use: Potion            |       |     1 |       |       ||     1
  Eat: Meat ration       |       |       |     1 |     1 ||     2
Armor: Plate armour      |    14 |     6 |    88 |    23 ||   131
Dodge: Dodged            |     4 |     2 |    82 |    20 ||   108
